 Dungeon Crawl Stone Soup version 0.28-a0-819-g6ef7baa362 (webtiles) character file.

Game seed: 15504121292318258864

464 BinkBink the Skirmisher (level 7, -6/72 HPs)
             Began as an Ogre Fighter on Nov 8, 2021.
             Splashed by a jelly's acid (8 damage)
             ... on level 4 of the Dungeon.
             The game lasted 00:07:42 (4518 turns).

BinkBink the Skirmisher (Ogre Fighter)              Turns: 4518, Time: 00:07:43

Health: -6/72      AC: -6    Str: 23    XL:     7   Next: 8%
Magic:  7/7        EV:  9    Int: 14    God:
Gold:   227        SH:  8    Dex: 12    Spells: 6/6 levels left

rFire   . . .      SeeInvis .   i - +5 short sword "Wigotz" {protect, Int+5 Dex+4}
rCold   + . .      Faith    .   c - +0 kite shield
rNeg    . . .      Spirit   .   b - +0 robe
rPois   .          Reflect  .   (helmet restricted)
rElec   .          Harm     .   (no cloak)
rCorr   .          Rampage  .   (gloves unavailable)
Will    .....                   (boots unavailable)
Stlth   +.........              k - amulet of the acrobat
HPRegen 0.22/turn               l - ring of flight
MPRegen 0.10/turn               f - ring of protection from cold

@: corroded, under a protective aura, flying
A: large, unfitting armour, tough skin 1
a: no special abilities


You were on level 4 of the Dungeon.
You visited 1 branch of the dungeon, and saw 5 of its levels.

You collected 227 gold pieces.

Inventory:

Hand Weapons
 a - a +0 trident
 i - the +5 short sword "Wigotz" (weapon) {protect, Int+5 Dex+4}
   (You found it on level 4 of the Dungeon)

   It grants its wielder temporary protection when it strikes (+7 to AC).
   Int:       It affects your intelligence (+5).
   Dex:       It affects your dexterity (+4).
Armour
 b - a +0 robe (worn)
 c - a +0 kite shield (worn)
Jewellery
 f - a ring of protection from cold (right hand)
 k - an amulet of the acrobat (around neck)
 l - a ring of flight (left hand)
Scrolls
 e - 2 scrolls of teleportation {unknown}
 g - 6 scrolls of identify {unknown}
 h - a scroll of enchant weapon {unknown}
 j - 3 scrolls of immolation {unknown}
 m - a scroll of fear {unknown}
 o - a scroll of magic mapping {unknown}
 p - a scroll of silence {unknown}
Potions
 d - a potion of might
 n - a potion of flight {unknown}


   Skills:
 + Level 5.3 Fighting
 + Level 1.9 Short Blades
 + Level 4.7 Polearms
 + Level 3.7 Dodging
 + Level 3.8 Shields


You had 6 spell levels left.
You didn't know any spells.
Your spell library contained the following spells:

 Spells                   Type           Power      Damage    Failure   Level
 Slow                     Hex            0%         N/A       65%         1
 Ensorcelled Hibernation  Hex/Ice        0%         N/A       78%         2
 Call Canine Familiar     Summ           0%         N/A       95%         3
 Confusing Touch          Hex            0%         N/A       95%         3
 Portal Projectile        Hex/Tloc       0%         N/A       95%         3
 Spider Form              Tmut/Pois      0%         N/A       95%         3
 Leda's Liquefaction      Hex/Erth       0%         N/A       100%        4
 Yara's Violent Unravell  Hex/Tmut       0%         3d3       100%        5


Dungeon Overview and Level Annotations

Branches:
Dungeon (5/15)
 Temple: D:4-7

Altars:
Ru
Uskayaw

Shops:
D:5 *


Innate Abilities, Weirdness & Mutations

You are too large for most types of armour.
You have tough skin. (AC +1)


Message History

You block the jelly's attack.
You hit the jelly but do no damage.
Your hands burn!
The jelly is almost dead.
You block the jelly's attack.
You hit the jelly but do no damage.
Your hands burn!
The jelly is almost dead.
You block the jelly's attack. The jelly hits you.
You are splashed with acid!
You are too injured to fight recklessly!
You are too injured to fight recklessly!
Your shield prevents you from hitting the jelly.
The jelly is almost dead.
You block the jelly's attack.
You barely miss the jelly.
The jelly is almost dead.
You block the jelly's attack.
The hound barks!
You hit the jelly but do no damage. The acid corrodes you!
Your hands burn!
The jelly is almost dead.
The jelly hits you.
You are splashed with acid!
* * * LOW HITPOINT WARNING * * *
There is a stone staircase leading up here.
The jelly hits you.
* * * LOW HITPOINT WARNING * * *
You are splashed with acid!
* * * LOW HITPOINT WARNING * * *
You fly upwards.
There is a stone staircase leading down here.
Okay, then.
You hit the jelly but do no damage.
Your weapon exudes an aura of protection.
The acid corrodes you!
Your hands burn!
* * * LOW HITPOINT WARNING * * *
The jelly is almost dead.
The jelly barely misses you.
You completely miss the jelly.
The jelly is almost dead.
The jelly hits you.
* * * LOW HITPOINT WARNING * * *
You are splashed with acid!
You die...

.......<......#
#.#.>.....##.#
.############.#
#.........##.# .# #.#
###.......##.# # .#
#.#####.......##.# # .#
#.....#.......##.# # .#
#.###.####.......# # .#
#.# #.# ######### # .#
#.###J########### # .#
#...@...........# #
.#####
#.#############.# ##
.....# #.# #.# #.
####.# #.# #.##### #.#
#.# #.....# #.#
#.#################.#
#.#
#.#.................#
#.#
###.#.##############..#
#.# #..#..# #..#


You could see a jelly.

Vanquished Creatures
  A scorpion (D:4)
  A water moccasin skeleton (D:3)
  A jelly (D:4)
  An orc priest (D:4)
  2 orc wizards
  A killer bee zombie (D:5)
  A hound zombie (D:5)
  A hound skeleton (D:4)
  A howler monkey skeleton (D:3)
  6 adders
  3 gnolls (D:4)
  13 dart slugs
  5 orcs
  4 bats
  8 endoplasms
  3 giant cockroaches
  7 goblins
  6 hobgoblins
  3 quokkas
  8 ball pythons
  4 frilled lizards
  2 kobolds (D:3)
  5 rats
87 creatures vanquished.

Notes
Turn   | Place    | Note
-------+----------+-------------------------------------------
     0 | D:1      | BinkBink the Ogre Fighter began the quest for the Orb.
     0 | D:1      | Reached XP level 1. HP: 24/24 MP: 1/1
    61 | D:1      | Reached XP level 2. HP: 31/32 MP: 2/2
   120 | D:1      | Found a faded altar of an unknown god.
   388 | D:1      | Reached XP level 3. HP: 33/39 MP: 3/3
   848 | D:2      | Reached XP level 4. HP: 23/49 MP: 4/4
  1856 | D:3      | HP: 1/49 [water moccasin skeleton (2)]
  1858 | D:3      | Reached XP level 5. HP: 1/55 MP: 5/5
  2316 | D:3      | Found a hide-covered altar of Uskayaw.
  2376 | D:3      | Found a sacrificial altar of Ru.
  2845 | D:4      | Identified the +5 short sword "Wigotz" {protect, Int+5
                  | Dex+4}
  3168 | D:4      | Reached XP level 6. HP: 65/65 MP: 6/6
  3211 | D:4      | Reached skill level 5 in Fighting
  3249 | D:4      | Identified the +5 shortbow "Ynnysow" {venom, Str+4}
  3544 | D:4      | Reached skill level 1 in Short Blades
  4166 | D:5      | Entered Level 5 of the Dungeon
  4181 | D:5      | Noticed a black bear
  4181 | D:5      | Found Piwyhain's General Store.
  4326 | D:5      | Reached XP level 7. HP: 47/72 MP: 7/7
  4517 | D:4      | HP: 3/72 [acid (3)]
  4518 | D:4      | Splashed by a jelly's acid

Illustrated notes

Levels and vault maps discovered:
D:1:      minmay_arrival_three_doors, layout_rooms,
          hellmonk_ecumenical_altar_arch_garden, grunt_decor_cap,
          minmay_crystal_water
D:2:      layout_rooms, kennysheep_generic_room_14
D:3:      layout_rooms, mainiacjoe_overflow_alcove_4, nicolae_uskayaw_suspiria
D:4:      layout_loops_ring
D:5:      layout_rooms, serial_shops, shop, shop, nicolae_shop_behind_doors,
          nicolae_stop_n_shop_2, corexii_hall_statues_i

Skill      XL: |  1  2  3  4  5  6 |
---------------+-------------------+-----
Shields        | 3 |  3.8
Dodging        | 3 |  3.7
Polearms       | 3 4 |  4.7
Fighting       | 5 |  5.3
Short Blades   | 1 |  1.9

Action                   |  1- 3 |  4- 6 |  7- 9 || total
-------------------------+-------+-------+-------++-------
Melee: Trident           |    87 |   143 |       ||   230
       Short sword       |       |    82 |    31 ||   113
  Use: Potion            |     1 |     1 |       ||     2
 Stab: Sleeping          |     2 |     2 |       ||     4
Armor: Robe              |    16 |    50 |     9 ||    75
Dodge: Dodged            |    17 |    65 |     7 ||    89
Block: Kite shield       |    27 |    66 |    11 ||   104

Table legend: (Time is in decaauts)
 A = Elapsed time spent in this place.
 B = Non-inter-level travel time spent in this place.
 C = Inter-level travel time spent in this place.
 D = Time resting spent in this place.
 E = Time spent auto-exploring this place.
 F = Levels seen in this place.
 G = Mean time per level.
                   A        B        C        D        E       F      G
               +--------+--------+--------+--------+--------+-----+--------+
         Total |   4633 |   4456 |    177 |      0 |   3539 |   5 |  926.6 |
       Dungeon |   4633 |   4456 |    177 |      0 |   3539 |   5 |  926.6 |
               +--------+--------+--------+--------+--------+-----+--------+

Top non-repeatable levels by time:
     D:4: 1647 daAuts
     D:3: 1148 daAuts
     D:1: 828 daAuts
     D:2: 789 daAuts
     D:5: 220 daAuts
